 Dungeon Crawl Stone Soup version 0.30-a0-219-gf2db51d15e (webtiles) character file.

Game seed: 6563299702170227359

201 MovingMist the Trooper (level 5, -2/33 HPs)
             Began as a Gargoyle Fighter on Oct 6, 2022.
             Slain by a bullfrog (3 damage)
             ... in a sewer.
             The game lasted 00:05:50 (2271 turns).

MovingMist the Trooper (Gargoyle Fighter)           Turns: 2271, Time: 00:05:50

Health: -2/33      AC: 17    Str: 19    XL:     5   Next: 79%
Magic:  5/5        EV:  6    Int:  9    God:
Gold:   15         SH:  0    Dex: 11    Spells: 4/4 levels left

rFire   . . .      SeeInvis +    u - +0 great mace
rCold   . . .      Faith    .    (shield currently unavailable)
rNeg    + . .      Spirit   .    s - +0 plate armour
rPois   ∞          Reflect  .    (no helmet)
rElec   +          Harm     .    (no cloak)
rCorr   .          Rampage  .    (no gloves)
Will    .....                    h - +0 pair of boots
Stlth   ..........               (no amulet)
HPRegen 0.25/turn                t - ring of see invisible
MPRegen 0.09/turn                (no ring)

@: flying
A: sickness immunity, AC +4, negative energy resistance 1, electricity
resistance, torment resistance 1, petrification resistance
a: no special abilities


You were in a sewer.
You visited 1 branch of the dungeon, and saw 3 of its levels.
You also visited: Sewer.

You collected 86 gold pieces.
You spent 71 gold pieces at shops.

Inventory:

Hand Weapons
 u - a +0 great mace (weapon)
Armour
 h - a +0 pair of boots (worn)
 s - a +0 plate armour (worn)
Jewellery
 t - a ring of see invisible (left hand)
Scrolls
 b - a scroll of poison {unknown}
 e - a scroll of immolation {unknown}
 g - a scroll of identify {unknown}
 j - a scroll of fog {unknown}
 l - 2 scrolls of magic mapping {unknown}
 o - a scroll of fear {unknown}
 r - a scroll of teleportation {unknown}
Potions
 d - a potion of might
 f - 2 potions of invisibility {unknown}
 i - a potion of ambrosia {unknown}
 k - a potion of attraction {unknown}
 m - a potion of curing {unknown}
 n - 2 potions of berserk rage {unknown}
 p - a potion of degeneration {unknown}
 q - 3 potions of lignification {unknown}


   Skills:
 + Level 4.3 Fighting
 + Level 3.1 Maces & Flails
 + Level 4.2 Armour
 * Level 2.5 Dodging
 - Level 3.2 Shields


You had 4 spell levels left.
You didn't know any spells.
Your spell library contained the following spells:

 Spells                   Type           Power      Damage    Failure   Level
 Portal Projectile        Hex/Tloc       0%         N/A       100%        3
 Tukima's Dance           Hex            0%         N/A       100%        3
 Vhi's Electric Charge    Tloc/Air       0%         N/A       100%        3
 Arcjolt                  Conj/Air       0%         1d10      100%        5
 Blade Hands              Tmut           0%         N/A       100%        5
 Maxwell's Capacitive Co  Air            0%         ∞         100%        8


Dungeon Overview and Level Annotations

Branches:
Dungeon (3/15)              Sewer (1/1)

Altars:

Shops:
D:2 (


Innate Abilities, Weirdness & Mutations

You are immune to sickness and miasma.
Your stone body is resilient. (AC +4)
You are immune to poison.
You resist negative energy. (rN+)
You are resistant to electric shocks. (rElec)
You are resistant to unholy torment.
You are immune to petrification.


Message History

You hit the bullfrog.
You kill the bullfrog!
The bullfrog hits you but does no damage.
The bullfrog completely misses you.
Your Maces & Flails skill increases to level 3!
Your unstable footing causes you to fumble your attack.
The bullfrog hits you but does no damage.
The bullfrog closely misses you.
The bullfrog hits you but does no damage.
You sock the bullfrog!
The bullfrog is heavily wounded.
The bullfrog hits you.
The bullfrog hits you but does no damage.
You barely miss the bullfrog.
The bullfrog is heavily wounded.
The bullfrog hits you.
The bullfrog hits you but does no damage.
You miss the bullfrog.
The bullfrog is heavily wounded.
The bullfrog hits you.
The bullfrog hits you but does no damage. x2
You sock the bullfrog!
The bullfrog is almost dead.
The bullfrog hits you but does no damage.
The bullfrog hits you.
* * * LOW HITPOINT WARNING * * *
You barely miss the bullfrog.
The bullfrog is almost dead.
The bullfrog hits you.
* * * LOW HITPOINT WARNING * * *
The bullfrog hits you but does no damage.
You barely miss the bullfrog.
The bullfrog is almost dead.
The bullfrog hits you but does no damage.
The bullfrog hits you.
* * * LOW HITPOINT WARNING * * *
It was a potion of flight.
You feel very buoyant.
You fly up into the air.
The bullfrog hits you.
You die...

###########################
~~........................##
~~~~~~~~~~÷~~~~~÷~~~~~~~~..#
≈≈≈≈≈≈≈≈≈≈≈≈≈≈≈≈≈≈≈≈≈≈≈≈~~.#
~~~~~~~~~~~~~≈~~≈≈≈~~~~≈≈~.#
~.........~~≈~≈≈~~~~..~~≈~.#
######~≈≈≈≈≈≈≈~~≈≈≈≈≈~.~≈~.#
#≈≈≈~≈≈≈≈≈≈≈≈≈≈≈≈≈~.~≈†~#
#≈≈~≈≈≈≈≈≈~~~@≈≈≈≈~~~≈~~#
#≈≈≈≈≈≈≈≈~~~.F~~≈≈≈~~~≈~~#
#≈≈≈≈≈≈≈.?~~~.≈≈~≈≈≈~~≈~~#
#≈≈≈≈≈≈.?$$~~..≈≈~≈†~~≈~~#
#≈≈≈≈≈.~.[}~.~..≈≈~≈≈~≈~~#
≈≈~~.≈≈~..~≈≈≈≈≈≈≈~.#
≈≈≈≈≈≈~∩~~≈≈#≈≈≈~~#
≈≈≈≈≈≈≈~≈≈≈##≈≈≈~~#
≈≈≈≈≈≈≈≈####≈≈≈~.#


You could see a bullfrog.

Vanquished Creatures
  A bullfrog (Sewer)
  A gnoll (D:1)
  4 adders
  3 worms
  2 dart slugs (D:1)
  2 orcs (D:2)
  9 ball pythons
  6 endoplasms
  8 giant cockroaches
  4 goblins
  6 hobgoblins
  2 jackals
  6 quokkas
  6 bats (D:2)
  6 frilled lizards
  3 kobolds
  9 rats
78 creatures vanquished.

Notes
Turn   | Place    | Note
-------+----------+-------------------------------------------
     0 | D:1      | MovingMist the Gargoyle Fighter began the quest for the
                  | Orb.
     0 | D:1      | Reached XP level 1. HP: 14/14 MP: 1/1
     6 | D:1      | Noticed a salamander
     6 | D:1      | Noticed a rime drake
     7 | D:1      | Noticed a komodo dragon
     7 | D:1      | Noticed a black bear
   251 | D:1      | Found a faded altar of an unknown god.
   278 | D:1      | Reached XP level 2. HP: 15/19 MP: 2/2
   538 | D:1      | Reached skill level 1 in Dodging
   662 | D:1      | Reached XP level 3. HP: 14/23 MP: 3/3
  1099 | D:2      | Reached XP level 4. HP: 29/29 MP: 4/4
  1121 | D:2      | Found Loul's Weapon Boutique.
  1562 | D:2      | Bought a +0 great mace for 71 gold pieces
  1987 | D:3      | Found a glowing drain.
  2020 | Sewer    | Entered a sewer
  2062 | Sewer    | Reached XP level 5. HP: 33/33 MP: 5/5
  2270 | Sewer    | HP: 1/33 [bullfrog (1)]
  2271 | Sewer    | Slain by a bullfrog

Illustrated notes

Levels and vault maps discovered:
D:1:      onia_arrival_zoo_common, layout_basic,
          hellmonk_ecumenical_altar_run_dry, minmay_split_cup_large
D:2:      layout_loops_ring, serial_shops, nicolae_shop_bloodbath_and_beyond,
          kennysheep_cross_bottleneck
D:3:      layout_basic, mainiacjoe_overflow_alcove_1,
          cheibrodos_sewer_entry_drain, gammafunk_ghost_nasty_kobolds,
          minmay_pentomino_pile
Sewer:    sewer_frog_island_01

Skill      XL: |  1  2  3  4  5 |
---------------+----------------+-----
Dodging        | 1 2 |  2.5
Fighting       | 4 |  4.3
Armour         | 4 |  4.2
Maces & Flails | 3 |  3.1
Shields        | |  3.2

Action                   |  1- 3 |  4- 6 || total
-------------------------+-------+-------++-------
Melee: Flail             |   113 |    51 ||   164
       Great mace        |       |   125 ||   125
  Use: Potion            |       |     1 ||     1
Armor: Scale mail        |    40 |       ||    40
       Plate armour      |    42 |   218 ||   260
Dodge: Dodged            |    44 |    88 ||   132
Block: Buckler           |    30 |    12 ||    42

Table legend: (Time is in decaauts)
 A = Elapsed time spent in this place.
 B = Non-inter-level travel time spent in this place.
 C = Inter-level travel time spent in this place.
 D = Time resting spent in this place.
 E = Time spent auto-exploring this place.
 F = Levels seen in this place.
 G = Mean time per level.
                   A        B        C        D        E       F      G
               +--------+--------+--------+--------+--------+-----+--------+
         Total |   2454 |   2290 |    164 |    162 |   1209 |   4 |  613.5 |
       Dungeon |   2110 |   1946 |    164 |    162 |   1209 |   3 |  703.3 |
         Sewer |    344 |    344 |      0 |      0 |      0 |   1 |  344.0 |
               +--------+--------+--------+--------+--------+-----+--------+

Top non-repeatable levels by time:
     D:2: 1116 daAuts
     D:1: 926 daAuts
   Sewer: 344 daAuts
     D:3: 67 daAuts
